 Dungeon Crawl Stone Soup version 0.28-b1-25-g9875b3fc8c (webtiles) character file.

Game seed: 6225399375975130248

7 mopl the Sneak (level 2, -7/21 HPs)
             Began as an Octopode Delver on Feb 7, 2022.
             Was an Initiate of Dithmenos.
             Killed from afar by an orc wizard (9 damage)
             ... with a magic dart
             ... on level 4 of the Dungeon.
             The game lasted 00:00:42 (493 turns).

mopl the Sneak (Octopode Delver)                     Turns: 493, Time: 00:00:43

Health: -7/21      AC:  1    Str: 11    XL:     2   Next: 0%
Magic:  2/2        EV: 28    Int: 12    God:    Dithmenos [......]
Gold:   3          SH:  0    Dex: 13    Spells: 1/1 levels left

rFire   . . .      SeeInvis .   a - +0 falchion
rCold   . . .      Faith    .   (no shield)
rNeg    . . .      Spirit   .   (helmet restricted)
rPois   .          Reflect  .   h - amulet of the acrobat
rElec   .          Harm     .   (no ring)
rCorr   .          Rampage  .   (no ring)
Will    .....                   (no ring)
Stlth   ++++......              (no ring)
HPRegen 0.07/turn               (no ring)
MPRegen 0.08/turn               (no ring)
                                (no ring)
                                (no ring)

@: acrobatic
A: almost no armour, amphibious, 8 rings, camouflage 1, gelatinous body 1,
(nimble swimmer 1), tentacles
a: Renounce Religion


You were on level 4 of the Dungeon.
You worshipped Dithmenos.
Dithmenos was noncommittal.
You visited 1 branch of the dungeon, and saw 2 of its levels.

You collected 3 gold pieces.

Inventory:

Hand Weapons
 a - a +0 falchion (weapon)
Missiles
 k - 4 poisoned darts (quivered)
Jewellery
 h - an amulet of the acrobat (around mantle)
Wands
 f - a wand of digging (3)
Scrolls
 b - a scroll of fog
 c - a scroll of magic mapping
 d - a scroll of fear
 i - a scroll of teleportation {unknown}
Potions
 e - a potion of haste
 g - 2 potions of experience {unknown}
 j - a potion of curing {unknown}


   Skills:
 + Level 3.0 Fighting
 * Level 2.2 Long Blades
 + Level 2.1 Dodging
 + Level 6.7 Stealth
 + Level 0.1 Invocations


You had one spell level left.
You didn't know any spells.
Your spell library was empty.

Dungeon Overview and Level Annotations

Branches:
Dungeon (5/15)
 Temple: D:4-7

Altars:
Dithmenos


Innate Abilities, Weirdness & Mutations

You cannot wear most types of armour.
You are amphibious.
You can wear up to eight rings at the same time.
Your skin changes colour to match your surroundings (Stealth+).
Your rubbery body absorbs attacks. (AC +1, EV +1)
((You are camouflaged when in or above water. (Stealth+)))
You have tentacles for arms and can constrict up to eight enemies at once.


Message History

You are frozen.
You hit the endoplasm.
The endoplasm is severely wounded.
The endoplasm hits you. The endoplasm barely misses you.
You hit the endoplasm.
You kill the endoplasm!
Dithmenos accepts your kill.
You have reached level 2!
You start resting.
HP restored.
There is an open door here.
There is an open door here.
An orc wizard comes into view. It is wielding a +0 dagger.
Found a fizzy orange potion.
The orc wizard shouts!
You hear a shout!
An orc wizard comes into view. It is wielding a +0 dagger.
The orc wizard points at you and mumbles some strange words.
The magic dart hits you!
The orc wizard shouts!
Unknown command.
The orc wizard points at you and mumbles some strange words.
You are confused.
You hear a shout!
You bump into the rock wall.
You bump into the rock wall.
A kobold comes into view. It is wielding a +0 short sword.
You bump into the rock wall.
You feel less confused. The orc wizard casts a spell at you.
The magic dart hits you.
* * * LOW HITPOINT WARNING * * *
The orc wizard casts a spell at you. The puff of flame hits you.
* * * LOW HITPOINT WARNING * * *
The orc wizard gestures wildly while chanting.
The orc wizard flickers and vanishes!
Deactivating autopickup; reactivate with Ctrl-A.
A magic dart appears from out of thin air!
The magic dart hits you!
You die...

#.##.# ##+## #.##.##
##...## #......
##.....## #####.##
##.......## #.......
#.........####..)#.#.
+.........'..........
#.........####...#.#o
##..@.....# #..##.#.
######).{## #.###.#o
##§§.§§###.###.#.
##§§§§.§§##.o...o.
###§§..§§§§o#.###.##
#.§§§..§§§o§..# #.#
#####.§....§§§§...# #.#
#...........§.§§.o###.#
#.###.#.§§§..§§§#.....#


There were no monsters in sight!

Vanquished Creatures
  2 ball pythons (D:4)
  2 endoplasms (D:4)
  A kobold (D:4)
5 creatures vanquished.

Notes
Turn   | Place    | Note
-------+----------+-------------------------------------------
     0 | D:5      | mopl the Octopode Delver began the quest for the Orb.
     0 | D:5      | Reached XP level 1. HP: 16/16 MP: 1/1
    28 | D:5      | Noticed a water moccasin zombie
   263 | D:4      | Found a shadowy altar of Dithmenos.
   270 | D:4      | Became a worshipper of Dithmenos the Shadowed
   311 | D:4      | Reached XP level 2. HP: 14/21 MP: 2/2
   493 | D:4      | Killed from afar by an orc wizard

Illustrated notes

Levels and vault maps discovered:
D:4:      minmay_chambers_of_twos, layout_loops_corners,
          nicolae_dithmenos_the_darkroom, chequers_arboretum
D:5:      minmay_chambers_of_threes, layout_loops_cross, zin_statuary,
          minmay_temple_entry_enclosed_plants, serial_shops, nicolae_shop_stone,
          uniq_blork_the_orc

Action                   || total
-------------------------++-------
Melee: Falchion          ||    15
       Tentacles         ||     3
       Constrict         ||     1
 Stab: Sleeping          ||     1
Dodge: Dodged            ||     8
